 Dungeon Crawl Stone Soup version 0.30-a0-824-g6c64550be9 (webtiles) character file.

Game seed: 233215946559119881

28 qeuew the Trooper (level 3, -20/29 HPs)
             Began as a Demonspawn Monk on Feb 27, 2023.
             Demolished by an ogre
             ... wielding a +0 giant spiked club
              (37 damage)
             ... on level 2 of the Dungeon.
             The game lasted 00:01:20 (1525 turns).

qeuew the Trooper (Demonspawn Monk)                 Turns: 1525, Time: 00:01:20

Health: -20/29     AC:  4    Str: 11    XL:     3   Next: 0%
Magic:  3/3        EV: 13    Int: 11    God:
Gold:   63         SH:  0    Dex: 17    Spells: 2/2 levels left

rFire   . . .      SeeInvis .    l - +0 long sword (drain)
rCold   . . .      Faith    .    (no shield)
rNeg    . . .      Spirit   .    b - +0 robe
rPois   .          Reflect  .    (no helmet)
rElec   .          Harm     .    (no cloak)
rCorr   .          Rampage  .    (no gloves)
Will    .....                    (no boots)
Stlth   ++                       (no amulet)
HPRegen 0.24/turn                (no ring)
MPRegen 0.08/turn                (no ring)

@: no status effects
A: slimy green scales 1, ignite blood 1
a: no special abilities


You were on level 2 of the Dungeon.
You visited 1 branch of the dungeon, and saw 2 of its levels.

You collected 63 gold pieces.

Inventory:

Hand Weapons
 l - a +0 long sword of draining (weapon)
Armour
 b - a +0 robe (worn)
Scrolls
 a - a scroll of identify
 d - a scroll of immolation {unknown}
Potions
 c - a potion of ambrosia
 e - a potion of degeneration {unknown}


   Skills:
 + Level 3.1 Fighting
 * Level 3.1 Long Blades
 * Level 1.3 Armour
 + Level 2.9 Dodging
 - Level 1.7 Stealth


You had 2 spell levels left.
You didn't know any spells.
Your spell library contained the following spells:

 Spells                   Type           Power      Damage    Failure   Level
 Cigotuvi's Dreadful Rot  Necr/Pois/Air  0%         N/A       47%         2
 Poisonous Vapours        Pois/Air       0%         N/A       47%         2
 Mephitic Cloud           Conj/Pois/Air  0%         N/A       71%         3


Dungeon Overview and Level Annotations

Branches:
Dungeon (2/15)

Altars:


Innate Abilities, Weirdness & Mutations

You are partially covered in slimy green scales. (AC +2)
Your demonic aura sometimes causes spilled blood to erupt in flames.


Message History

You closely miss the goblin.
The frilled lizard bites you but does no damage.
The goblin hits you with a +0 club.
You slash the goblin!
You kill the goblin!
The frilled lizard bites you.
A frilled lizard is nearby!
A frilled lizard is nearby!
You are too injured to fight recklessly!
You are too injured to fight recklessly!
You are too injured to fight recklessly!
You are too injured to fight recklessly!
You are too injured to fight recklessly!
You hit the frilled lizard. You drain the frilled lizard.
You kill the frilled lizard!
You have reached level 3!
Your experience leads to an increase in your attributes!
Increase (S)trength, (I)ntelligence, or (D)exterity?
You feel agile. x2; Your demonic ancestry asserts itself...
Slimy green scales grow over part of your body.
e - a sedimented emerald potion
Things that are here:
a +0 club; a +0 dagger; a kobold corpse An ogre comes into view.
It is wielding a +0 giant spiked club.
Unknown command.
The ogre shouts!
The ogre misses you.
You hit the ogre.
The ogre is lightly wounded.
You hit the ogre but do no damage.
The ogre is lightly wounded.
The ogre misses you.
You barely miss the ogre.
The ogre is lightly wounded.
The ogre hits you with a +0 giant spiked club!
You hit the ogre.
The ogre is moderately wounded.
The ogre hits you with a +0 giant spiked club!!!
Ouch! That really hurt!
You die...

#..............#
#..#.######.#...##.###
#.###. #.......... .#
#..##.#...# #
#..##.#...#
#.........#
##.####...# #.####...#
#....@O# ########


You could see an ogre.

Vanquished Creatures
  An adder (D:2)
  A dart slug (D:1)
  A ball python (D:2)
  5 bats
  An endoplasm (D:1)
  2 goblins
  A hobgoblin (D:1)
  A kobold (D:2)
  A quokka (D:1)
  A frilled lizard (D:2)
  A rat (D:1)
16 creatures vanquished.

Notes
Turn   | Place    | Note
-------+----------+-------------------------------------------
     0 | D:1      | qeuew the Demonspawn Monk began the quest for the Orb.
     0 | D:1      | Reached XP level 1. HP: 18/18 MP: 1/1
   333 | D:1      | Found a faded altar of an unknown god.
   401 | D:1      | Gained mutation: Your demonic aura sometimes causes spilled
                  | blood to erupt in flames. [demonic ancestry]
   401 | D:1      | Reached XP level 2. HP: 20/24 MP: 2/2
   782 | D:1      | Reached skill level 1 in Armour
  1429 | D:2      | Gained mutation: You are partially covered in slimy green
                  | scales. (AC +2) [demonic ancestry]
  1429 | D:2      | Reached XP level 3. HP: 13/29 MP: 3/3
  1517 | D:2      | Noticed an ogre
  1525 | D:2      | Demolished by an ogre

Illustrated notes

Levels and vault maps discovered:
D:1:      dpeg_arrival_circle_labyrinth_c, layout_basic,
          shapermc_ecumenical_altar_mp_ritualfount
D:2:      minmay_wonky_spiral, layout_loops_cross

Skill      XL: |  1  2 |
---------------+-------+-----
Armour         | 1 |  1.3
Long Blades    | 3 |  3.1
Fighting       | |  3.1
Dodging        | |  2.9
Stealth        | |  1.7

Action                     || total
---------------------------++-------
  Melee: Falchion          ||    14
         Punch             ||     1
         Long sword        ||    20
    Use: Potion            ||     5
         Scroll            ||     3
   Stab: Sleeping          ||     4
 Armour: Robe              ||     8
  Dodge: Dodged            ||    21

Table legend: (Time is in decaauts)
 A = Elapsed time spent in this place.
 B = Non-inter-level travel time spent in this place.
 C = Inter-level travel time spent in this place.
 D = Time resting spent in this place.
 E = Time spent auto-exploring this place.
 F = Levels seen in this place.
 G = Mean time per level.
                   A        B        C        D        E       F      G
               +--------+--------+--------+--------+--------+-----+--------+
         Total |   1544 |   1377 |    167 |     20 |   1221 |   2 |  772.0 |
       Dungeon |   1544 |   1377 |    167 |     20 |   1221 |   2 |  772.0 |
               +--------+--------+--------+--------+--------+-----+--------+

Top non-repeatable levels by time:
     D:1: 1317 daAuts
     D:2: 227 daAuts
